 Dungeon Sprint DCSS version 0.25.1-2-g60ff931df9 (webtiles) character file.

Game seed: 1391155376784776910

1479 Groucho the Blocker (level 8, -4/82 HPs)
             Began as a Minotaur Fighter on Aug 19, 2020.
             Was a Believer of Trog.
             Slain by a sixfirhy (11 damage)
             ... summoned by a deep elf mage
             ... in the Dungeon (Sprint IX: "|||||||||||||||||||||||||||||").
             The game lasted 00:03:08 (851 turns).

Groucho the Blocker (Minotaur Fighter)               Turns: 851, Time: 00:03:08

Health: -4/82      AC: 13    Str: 21    XL:     8   Next: 50%
Magic:  7/7        EV: 10    Int: 11    God:    Trog [**....]
Gold:   0          SH: 12    Dex: 12    Spells: 7/7 levels left

rFire    . . .     SeeInvis .   n - +3 war axe (vorpal)
rCold    . . .     Gourm    .   c - +0 kite shield
rNeg     . . .     Faith    .   p - +1 scale mail
rPois    .         Spirit   .   (helmet restricted)
rElec    .         Reflect  .   a - +0 cloak
rCorr    .         Harm     .   (no gloves)
MR       .....     NoTele   +   o - +0 pair of boots
Stlth    ..........             (no amulet)
HPRegen  0.23/turn              b - +3 ring of intelligence
MPRegen  0.10/turn              q - +3 ring of intelligence

@: no status effects
A: retaliatory headbutt, horns 2
a: Berserk, Trog's Hand, Renounce Religion


You were in the Dungeon.
You worshipped Trog.
Trog was pleased with you.
You were not hungry.

You visited 1 branch

Inventory:

Hand Weapons
 n - a +3 vorpal war axe (weapon)
Armour
 a - a +0 cloak (worn)
 c - a +0 kite shield (worn)
 o - a +0 pair of boots (worn)
 p - a +1 scale mail (worn)
Jewellery
 b - a +3 ring of intelligence (left hand)
 q - a +3 ring of intelligence (right hand)
Wands
 m - a wand of iceblast (10)
Scrolls
 k - 2 scrolls of blinking
 l - 3 scrolls of remove curse
Potions
 d - a potion of might
 e - a potion of invisibility
 g - 3 potions of heal wounds
 h - a potion of haste
 i - 4 potions of magic
 j - 4 potions of curing
Comestibles
 f - a ration


   Skills:
 * Level 11.5 Fighting
 * Level 11.3 Axes
 * Level 11.5 Armour
 + Level 2.8 Dodging
 * Level 11.5 Shields
 + Level 2.8 Unarmed Combat


You had 7 spell levels left.
You didn't know any spells.
Your spell library was empty.

Dungeon Overview and Level Annotations

Branches:
Dungeon (1/1)

Altars:
Cheibriados
Dithmenos
Elyvilon
Fedhas
Gozag
Hepliaklqana
Kikubaaqudgha
Makhleb
Nemelex Xobeh
Okawaru
Qazlal
Ru
Sif Muna
Trog
Uskayaw
Vehumet
Wu Jian
Xom
Yredelemnul
Zin
The Shining One
Beogh
Jiyva
Lugonu


Innate Abilities, Weirdness & Mutations

You reflexively headbutt those who attack you in melee.
You have a pair of horns on your head.


Message History

The sixfirhy shocks you! The sixfirhy hits you. The sixfirhy shocks you!
The jelly jiggles.
The sixfirhy closely misses you.
You closely miss the sixfirhy.
The sixfirhy is heavily wounded.
The sixfirhy barely misses you.
You completely miss the sixfirhy. Your headbutt misses the sixfirhy.
The sixfirhy is moderately wounded.
You completely miss the sixfirhy. Your headbutt misses the sixfirhy.
The sixfirhy is moderately wounded.
The sixfirhy hits you. The sixfirhy shocks you!
* * * LOW HITPOINT WARNING * * *
The sixfirhy hits you but does no damage.
Unknown command.
You miss the sixfirhy. Your headbutt misses the sixfirhy.
The sixfirhy is moderately wounded.
The sixfirhy hits you!
* * * LOW HITPOINT WARNING * * *
The sixfirhy shocks you!
You die... ▓▓▓▓▓▓▓▓▓▓▓▓▓▓▓▓▓▓▓▓▓▓▓▓ .4YJeD3@....))..[..)|?.' ▓▓▓▓▓▓▓▓▓▓▓▓▓▓▓▓▓▓▓▓▓▓▓▓

You could see a deep elf mage, a sixfirhy (summoned), a chaos spawn (summoned), an acid dragon, an ice beast and a jelly.

Vanquished Creatures
  A centaur warrior (D)
  An unseen horror (D)
  A centaur (D)
  A scorpion (D)
  A quasit (D)
  A hound (D)
  A jelly (D)
  An iguana (D)
  2 worker ants (D)
  2 adders (D)
  An orc (D)
  A goblin (D)
  A kobold (D)
  2 bats (D)
  A frilled lizard (D)
18 creatures vanquished.

Notes
Turn   | Place    | Note
-------+----------+-------------------------------------------
     0 | D        | Groucho the Minotaur Fighter began the quest for the Orb.
     0 | D        | Reached XP level 1. HP: 19/19 MP: 0/0
    34 | D        | Noticed a worker ant
    34 | D        | Noticed a jelly
    34 | D        | Noticed a hound
    40 | D        | Killed a hound
    40 | D        | Reached skill level 5 in Fighting
    40 | D        | Reached skill level 5 in Armour
    40 | D        | Reached skill level 5 in Shields
    40 | D        | Reached XP level 2. HP: 25/29 MP: 1/1
    40 | D        | Reached XP level 3. HP: 31/36 MP: 2/2
    53 | D        | Reached skill level 5 in Axes
    53 | D        | Reached XP level 4. HP: 19/44 MP: 3/3
   576 | D        | Found a roughly hewn altar of Beogh.
   576 | D        | Found a snail-covered altar of Cheibriados.
   576 | D        | Found a shadowy altar of Dithmenos.
   576 | D        | Found a white marble altar of Elyvilon.
   576 | D        | Found a blossoming altar of Fedhas.
   576 | D        | Found an opulent altar of Gozag.
   577 | D        | Found a hazy altar of Hepliaklqana.
   578 | D        | Found a viscous altar of Jiyva.
   579 | D        | Found an ancient bone altar of Kikubaaqudgha.
   580 | D        | Found a corrupted altar of Lugonu.
   581 | D        | Found a burning altar of Makhleb.
   582 | D        | Found a sparkling altar of Nemelex Xobeh.
   583 | D        | Found an iron altar of Okawaru.
   584 | D        | Found a stormy altar of Qazlal.
   585 | D        | Found a sacrificial altar of Ru.
   586 | D        | Found a shimmering blue altar of Sif Muna.
   587 | D        | Found a bloodstained altar of Trog.
   588 | D        | Found a hide-covered altar of Uskayaw.
   589 | D        | Found a radiant altar of Vehumet.
   604 | D        | Found an ornate altar of the Wu Jian Council.
   605 | D        | Found a shimmering altar of Xom.
   606 | D        | Found a basalt altar of Yredelemnul.
   607 | D        | Found a glowing silver altar of Zin.
   608 | D        | Found a glowing golden altar of the Shining One.
   655 | D        | Became a worshipper of Trog the Wrathful
   706 | D        | Noticed a centaur
   712 | D        | Reached XP level 5. HP: 52/52 MP: 4/4
   714 | D        | Reached * piety under Trog
   718 | D        | Killed an unseen horror
   718 | D        | Reached skill level 10 in Fighting
   718 | D        | Reached skill level 10 in Axes
   718 | D        | Reached skill level 10 in Armour
   718 | D        | Reached skill level 10 in Shields
   718 | D        | Reached XP level 6. HP: 44/67 MP: 5/5
   718 | D        | Reached XP level 7. HP: 48/73 MP: 6/6
   722 | D        | Reached ** piety under Trog
   831 | D        | Noticed a deep elf mage
   831 | D        | Noticed a centaur warrior
   835 | D        | Noticed a chaos spawn
   840 | D        | Killed a centaur warrior
   840 | D        | Reached XP level 8. HP: 79/82 MP: 7/7
   845 | D        | Noticed a sixfirhy
   851 | D        | Slain by a sixfirhy

Illustrated notes

Levels and vault maps discovered:
D:        linesprint [early_d, line_temple, items_1, d_10, items_2, lair_1,
          lair_end, items_3, orc_1, orc_end, items_4, d_15, swamp_1, shoals_1,
          snake_1, spider_1, d_20, vaults_1, items_5, swamp_end, shoals_end,
          snake_end, spider_end, vaults_end, d_27, items_6, zot_1, zot_end,
          crypt_end, forest_end, elf_end, slime_end, tomb_end, abyss_end,
          pan_hell_end]

Skill      XL: |  1  2  3  4  5  6  7 |
---------------+----------------------+-----
Armour         | 5 6 7 10 11 | 11.5
Fighting       | 5 6 7 10 11 | 11.5
Axes           | 4 5 6 10 11 | 11.3
Shields        | 5 6 7 10 11 | 11.5
Dodging        | 2 |  2.8
Unarmed Combat | 2 |  2.8

Action                   |  1- 3 |  4- 6 |  7- 9 || total
-------------------------+-------+-------+-------++-------
Melee: War axe           |    34 |    12 |    24 ||    70
       Headbutt          |     4 |     4 |     4 ||    12
  Use: Potion            |     1 |     1 |       ||     2
Armor: Scale mail        |    12 |     3 |     7 ||    22
Dodge: Dodged            |    11 |     2 |     9 ||    22
Block: Kite shield       |    20 |     6 |    15 ||    41
